 Dungeon Crawl Stone Soup version 0.31-a0-1008-g5b978dac0e (webtiles) character file.

Game seed: 11313781427448018401

3152 Jannitor the Sneak (level 9, 0/80 HPs)
             Began as an Armataur Delver on Nov 12, 2023.
             Was an Initiate of Gozag.
             Killed from afar by a steam dragon (13 damage)
             ... with a ball of steam
             ... on level 8 of the Dungeon.
             The game lasted 00:14:43 (8823 turns).

Jannitor the Sneak (Armataur Delver)                Turns: 8823, Time: 00:14:43

Health: 0/80       AC:  8    Str: 21    XL:     9   Next: 62%
Magic:  9/9        EV: 10    Int: 11    God:    Gozag
Gold:   434        SH:  6    Dex: 12    Spells: 8/8 levels left

rFire   . . .        y - +0 flail
rCold   . . .        h - +1 buckler of the Ancient Servitors {Harm}
rNeg    . . .        s - +0 ring mail {rPois}
rPois   +            (no helmet)
rElec   .            (no cloak)
rCorr   .            k - +0 pair of gloves
SInv    .            (no barding)
Will    .....        (no amulet)
Stlth   ++           (no ring)
HPRegen 0.33/turn    (no ring)
MPRegen 0.11/turn

%: harm (+30% outgoing, +20% incoming), roll
@: no status effects
A: large, rugged brown scales 3, deformed body, armoured tail, roll, long
tongue, awkward tongue
a: Renounce Religion, Potion Petition, Call Merchant, Bribe Branch


You were on level 8 of the Dungeon.
You worshipped Gozag.
Gozag was aware of your devotion.
You visited 2 branches of the dungeon, and saw 9 of its levels.
You also visited: Ossuary.

You collected 821 gold pieces.
You spent 60 gold pieces at shops.
You paid 327 gold pieces to Gozag.

Inventory:

Hand Weapons
 a - a +0 mace
 y - a +0 flail (weapon)
Missiles
 n - a throwing net
Armour
 h - the +1 buckler of the Ancient Servitors (worn) {Harm}
   (You found it on level 4 of the Dungeon)

   Harm:      It increases damage dealt and taken.
 k - a +0 pair of gloves (worn)
 l - a +0 tower shield
 p - a +2 leather armour of willpower
 s - a +0 ring mail of poison resistance (worn)
Jewellery
 m - a ring of fire
Wands
 g - a wand of digging (1)
 v - a wand of charming (3)
 w - a wand of quicksilver (2)
 C - a wand of iceblast (1)
Scrolls
 b - 4 scrolls of identify
 c - 3 scrolls of fog
 d - a scroll of revelation
 e - a scroll of amnesia
 r - a scroll of torment {unknown}
 t - a scroll of blinking
 E - a scroll of immolation
 F - a scroll of poison {unknown}
Potions
 i - a potion of brilliance {unknown}
 j - 2 potions of lignification
 o - a potion of cancellation {unknown}
 q - 2 potions of magic
 x - 2 potions of mutation
 z - a potion of ambrosia {unknown}
 A - a potion of curing
 B - a potion of enlightenment {unknown}
 D - a potion of resistance {unknown}


   Skills:
 + Level 6.0 Fighting
 + Level 5.5 Maces & Flails
 + Level 6.1 Armour
 + Level 4.5 Dodging
 - Level 6.1 Stealth
 + Level 5.6 Shields
 + Level 4.2 Evocations


You had 8 spell levels left.
You didn't know any spells.
Your spell library contained the following spells:

 Spells                   Type           Power      Damage    Failure   Level
 Shock                    Conj/Air       0%         1d3       56%         1
 Cigotuvi's Dreadful Rot  Necr/Pois/Air  0%         N/A       71%         2
 Static Discharge         Conj/Air       0%         3-3/arc   71%         2
 Wereblood                Tmut           0%         N/A       71%         2
 Ignite Poison            Fire/Tmut/Pois 0%         N/A       90%         3
 Swiftness                Air            0%         N/A       90%         3
 Airstrike                Air            0%         2d(0-16)  100%        4
 Summon Lightning Spire   Summ/Air       0%         N/A       100%        4
 Freezing Cloud           Conj/Ice/Air   0%         6-21      100%        5
 Irradiate                Conj/Tmut      0%         3d11      100%        5


Dungeon Overview and Level Annotations

Branches:
Dungeon (8/15)             Temple (1/1) D:6         Ossuary (visited)
   Lair: D:8-11

Altars:
Ashenzari
Cheibriados
Dithmenos
Elyvilon
Fedhas
Gozag
Hepliaklqana
Kikubaaqudgha
Makhleb
Nemelex Xobeh
Okawaru
Qazlal
Ru
Sif Muna
Trog
Uskayaw
Vehumet
Wu Jian
Xom
Yredelemnul
Zin
The Shining One

Shops:
D:2 ?(!(

Annotations:
D:3 Sigmund
D:4 2 transporters, Mls's ghost, amateur TrGl
D:5 exclusion: ogre
D:8 2 transporters, Heedrag's ghost, novice TrFi


Innate Abilities, Weirdness & Mutations

You are completely covered in rugged brown scales. (AC +3, +7% HP)
Armour fits poorly on your strangely shaped body.
You have a long armoured tail.
You roll when moving toward enemies. (Rampage)
Your long tongue fully drains potion bottles. (2x potion effects)
Your tongue gives you trouble enunciating. (1.5x scroll delay)


Message History

You are engulfed in a cloud of scalding steam.
The steam dragon bites you. You block the steam dragon's attack.
You are too injured to fight recklessly!
You are too injured to fight recklessly!
You sock the steam dragon!
The steam dragon is almost dead.
You are engulfed in a cloud of scalding steam.
You block the steam dragon's attack. The steam dragon completely misses you.
You closely miss the steam dragon.
The steam dragon is almost dead.
The steam dragon barely misses you.
The steam dragon claws you but does no damage.
You closely miss the steam dragon.
You tail-slap the steam dragon, but do no damage.
The steam dragon is almost dead.
The steam dragon breathes steam at you. The ball of steam hits you.
You barely miss the steam dragon. You tail-slap the steam dragon.
The steam dragon is almost dead.
You are engulfed in a cloud of scalding steam.
* * * LOW HITPOINT WARNING * * *
The steam dragon bites you.
* * * LOW HITPOINT WARNING * * *
The steam dragon barely misses you. The steam dragon misses you.
The steam dragon claws you.
* * * LOW HITPOINT WARNING * * *
You completely miss the steam dragon.
The steam dragon is almost dead.
You are engulfed in a cloud of scalding steam.
* * * LOW HITPOINT WARNING * * *
The steam dragon bites you.
* * * LOW HITPOINT WARNING * * *
The steam dragon claws you.
* * * LOW HITPOINT WARNING * * *
You closely miss the steam dragon.
The steam dragon is almost dead.
The steam dragon breathes steam at you. The ball of steam hits you!
You die...
Your body crumbles into a pile of gold.

#.# #............
####'#########.###..
#.......## #.# #..
#.8#####8.# #.# #..
#.##...##.# ##'###..
#o#.8.8.#.# ##...###.
#.#..<..#.###.....###
#.#.8D8.#.##.......##
#. #@..##.#.........#
#.8##'##8.#........))
#.......##.........#
###########.......##
#.# ##.....## #.#
##...#.## #.#
##+#...# ###.#
#..)... #...#
#######......


You could see a steam dragon (catching breath).

Vanquished Creatures
  A steam dragon (D:8)
  A water moccasin (D:5)
  2 ice beasts (D:7)
  A sky beast (D:8)
  A black bear (D:7)
  An ogre (D:7)
  2 orc warriors (D:8)
  2 centaurs
  A kobold brigand (D:7)
  A phantom (D:4)
  Blork the orc (D:6)
  4 bullfrogs
  6 water moccasin zombies (Ossuary)
  A scorpion (D:7)
  A wight (D:7)
  A killer bee (D:7)
  6 electric eels (D:8)
  A howler monkey (D:4)
  A jelly (D:6)
  A quasit (D:7)
  5 orc priests
  5 hounds
  A gnoll bouda (D:6)
  3 iguanas
  4 orc wizards
  2 mummies (Ossuary)
  2 gnolls (D:6)
  10 adders
  A shadow imp (D:7)
  7 white imps
  2 ufetubi (D:6)
  2 adder zombies (Ossuary)
  4 worms
  2 dart slugs
  31 orcs
  4 ball pythons
  3 bats
  6 endoplasms
  2 giant cockroaches
  5 gnoll zombies (Ossuary)
  7 hobgoblins
  11 kobolds
  2 quokkas
  A frilled lizard (D:1)
  2 goblins
  7 hobgoblin zombies (Ossuary)
  2 kobold zombies (Ossuary)
  3 orc zombies (Ossuary)
  3 rats
  A rat zombie (D:6)
176 creatures vanquished.

Vanquished Creatures (collateral kills)
  An orc priest (D:8)
1 creature vanquished.

Vanquished Creatures (others)
  An orc warrior (D:8)
  A gnoll (D:6)
2 creatures vanquished.

Grand Total: 179 creatures vanquished

Notes
Turn   | Place    | Note
-------+----------+-------------------------------------------
     0 | D:5      | Jannitor the Armataur Delver began the quest for the Orb.
     0 | D:5      | Reached XP level 1. HP: 19/19 MP: 1/1
    18 | D:4      | Noticed a hound
    25 | D:4      | Killed a hound
    26 | D:4      | Reached XP level 2. HP: 27/27 MP: 2/2
    26 | D:4      | Reached XP level 3. HP: 33/33 MP: 3/3
    70 | D:4      | Found a transporter.
    73 | D:4      | Noticed Mls's ghost (amateur TrGl)
    74 | D:4      | Found a transporter.
    74 | D:4      | Identified the +4 dire flail "Jyzetoi Uwih" {protect,
                  | Will++}
    74 | D:4      | Noticed an ogre
    75 | D:4      | Noticed an ogre
    83 | D:4      | Noticed a phantom
    87 | D:4      | Identified the +1 buckler of the Ancient Servitors {Harm}
   102 | D:4      | Killed a phantom
   103 | D:4      | Reached XP level 4. HP: 20/40 MP: 4/4
   233 | D:3      | Found a faded altar of an unknown god.
  1070 | D:1      | Reached XP level 5. HP: 48/48 MP: 5/5
  1519 | D:2      | Found Cihixumn's Distillery.
  1523 | D:2      | Reached skill level 1 in Armour
  1523 | D:2      | Reached skill level 1 in Shields
  1530 | D:2      | Bought 2 potions of curing for 60 gold pieces
  1711 | D:2      | Found Fiubobre's Weapon Shop.
  1970 | D:2      | Found Ankemyu's Magic Scroll Shop.
  1981 | D:2      | Found Zevudy's Weapon Shoppe.
  2449 | D:3      | Noticed Sigmund
  3175 | D:4      | Reached XP level 6. HP: 52/55 MP: 6/6
  3381 | D:5      | Noticed a water moccasin
  3413 | D:5      | Killed a water moccasin
  4220 | D:6      | Noticed Blork the orc
  4224 | D:6      | Killed Blork the orc
  4225 | D:6      | Reached XP level 7. HP: 45/62 MP: 7/7
  4230 | D:6      | Found a hazy altar of Hepliaklqana.
  4230 | D:6      | Found a burning altar of Makhleb.
  4290 | D:6      | Noticed a vampire mosquito
  4324 | D:6      | Found a sand-covered staircase.
  4333 | Ossuary  | Entered an ossuary
  4456 | Ossuary  | Reached skill level 1 in Evocations
  4762 | Ossuary  | Reached XP level 8. HP: 51/71 MP: 8/8
  5053 | D:6      | Found a staircase to the Ecumenical Temple.
  5064 | Temple   | Entered the Ecumenical Temple
  5576 | D:7      | Reached skill level 5 in Fighting
  5709 | D:7      | Reached skill level 5 in Armour
  6221 | D:7      | Reached skill level 5 in Maces & Flails
  6221 | D:7      | Reached XP level 9. HP: 79/79 MP: 9/9
  6465 | Temple   | Became a worshipper of Gozag Ym Sagoz the Greedy
  6705 | D:6      | Reached skill level 5 in Shields
  7991 | D:8      | Noticed Heedrag's ghost (novice TrFi)
  8023 | D:8      | Found a transporter.
  8428 | D:8      | Found a transporter.
  8823 | D:8      | Killed from afar by a steam dragon

Illustrated notes

Levels and vault maps discovered:
D:1:      saegor_arrival_simple_b, layout_loops_ring, serial_bayou_crossing
D:2:      layout_basic, serial_shops, nicolae_shop_bloodbath_and_beyond,
          nicolae_square_shop, shop, shop
D:3:      layout_basic, shapermc_ecumenical_altar_venn, uniq_sigmund
D:4:      layout_loops_cross, gammafunk_ghost_smash
D:5:      layout_basic, kennysheep_generic_room_13
D:6:      minmay_klotski, layout_gridville, gammafunk_temple_overflow_statue,
          minmay_temple_entry_gardened_gates, serial_rivers,
          chequers_serial_rivers_large_a, chequers_serial_rivers_room_b,
          chequers_serial_rivers_room_a, chequers_serial_rivers_micro_d,
          enter_ossuary_3, uniq_blork_the_orc
D:7:      layout_loops_ring, serial_demonic, serial_demonic_f, serial_demonic_d,
          serial_demonic_g, serial_demonic_e, st_stairs_2, minmay_diced_spiral
D:8:      layout_loops_corners, special_room [special_room_orc],
          nzn_ghost_randoct, amcnicky_mini_rare_corridor_liquid,
          grunt_ministairs_11, serial_bayou_lake_a
Temple:   nicolae_temple_bog_church

Skill      XL: |  1  2  3  4  5  6  7  8  9 |
---------------+----------------------------+-----
Fighting       | 3 4 5 6 |  6.0
Maces & Flails | 2 3 4 5 |  5.5
Dodging        | 2 3 4 |  4.5
Stealth        | 6 |  6.1
Armour         | 1 2 3 5 6 |  6.1
Shields        | 1 2 3 4 5 |  5.6
Evocations     | 1 3 4 |  4.2

Action                     |  1- 3 |  4- 6 |  7- 9 || total
---------------------------+-------+-------+-------++-------
  Melee: Mace              |    24 |   190 |   149 ||   363
         Tailslap          |       |    23 |    66 ||    89
         Flail             |       |       |   313 ||   313
  Evoke: Wand              |       |       |    16 ||    16
    Use: Potion            |     1 |     7 |     6 ||    14
         Scroll            |       |     8 |    10 ||    18
   Stab: Sleeping          |       |    25 |     8 ||    33
         Distracted        |       |       |     1 ||     1
 Armour: Leather armour    |    10 |    32 |       ||    42
         Ring mail         |       |    76 |   342 ||   418
  Dodge: Dodged            |    15 |    72 |   202 ||   289
  Block: Buckler           |       |    40 |   137 ||   177

Table legend: (Time is in decaauts)
 A = Elapsed time spent in this place.
 B = Non-inter-level travel time spent in this place.
 C = Inter-level travel time spent in this place.
 D = Time resting spent in this place.
 E = Time spent auto-exploring this place.
 F = Levels seen in this place.
 G = Mean time per level.
                   A        B        C        D        E       F      G
               +--------+--------+--------+--------+--------+-----+--------+
         Total |   8932 |   8666 |    266 |   1293 |   5449 |  10 |  893.2 |
       Dungeon |   8326 |   8071 |    255 |   1293 |   5047 |   8 | 1040.8 |
        Temple |     23 |     13 |     10 |      0 |      0 |   1 |   23.0 |
       Ossuary |    582 |    582 |      0 |      0 |    402 |   1 |  582.0 |
               +--------+--------+--------+--------+--------+-----+--------+

Top non-repeatable levels by time:
     D:8: 1941 daAuts
     D:7: 1305 daAuts
     D:2: 1035 daAuts
     D:5: 902 daAuts
     D:4: 835 daAuts
     D:6: 832 daAuts
     D:1: 747 daAuts
     D:3: 726 daAuts
 Ossuary: 582 daAuts
  Temple: 23 daAuts
